 Dungeon Crawl Stone Soup version 0.28-a0-533-g9f97627e2a (webtiles) character file.

Game seed: 8881493468573170118

4190 fiend the Destroyer (level 10, 66/66 HPs)
             Began as a Human Conjurer on Sept 25, 2021.
             Was a Believer of Hepliaklqana.
             Quit the game on level 9 of the Dungeon.
             The game lasted 00:19:08 (9177 turns).

fiend the Destroyer (Human Conjurer)                Turns: 9177, Time: 00:19:08

Health: 66/66      AC: 10    Str:  7    XL:     10   Next: 53%
Magic:  10/17      EV: 13    Int: 23    God:    Hepliaklqana [**....]
Gold:   459        SH:  0    Dex: 11    Spells: 8/19 levels left

rFire   . . .      SeeInvis +   q - +3 dagger (drain)
rCold   . . .      Faith    .   (no shield)
rNeg    . . .      Spirit   .   J - +0 steam dragon scales
rPois   +          Reflect  .   j - +2 helmet
rElec   .          Harm     .   (no cloak)
rCorr   .          Rampage  .   K - +0 pair of gloves
Will    .....                   E - +0 pair of boots
Stlth   ++........              b - amulet of magic regeneration
HPRegen 0.21/turn               S - ring of see invisible
MPRegen 0.40/turn               P - ring of poison resistance

@: no status effects
A: reduced essence
a: Renounce Religion, Recall Ancestor, Ancestor Identity


You were on level 9 of the Dungeon.
You worshipped Hepliaklqana.
Hepliaklqana was pleased with you.
You visited 2 branches of the dungeon, and saw 10 of its levels.
You also visited: Sewer.

You collected 459 gold pieces.

Inventory:

Hand Weapons
 q - a +3 dagger of draining (weapon)
Missiles
 B - 2 curare-tipped darts
Armour
 j - a +2 helmet (worn)
 o - a +1 robe of willpower
 E - a +0 pair of boots (worn)
 J - +0 steam dragon scales (worn)
 K - a +0 pair of gloves (worn)
Magical Staves
 G - a staff of death
Jewellery
 b - an amulet of magic regeneration (around neck)
 I - a ring of protection from cold
 P - a ring of poison resistance (right hand)
 S - a ring of see invisible (left hand)
 W - a ring of wizardry
Wands
 p - a wand of polymorph (4)
 y - a wand of iceblast (5)
 C - a wand of mindburst (23)
 D - a wand of digging (17)
 L - a wand of charming (11)
 M - a wand of flame (22)
Scrolls
 a - 3 scrolls of enchant weapon
 c - 5 scrolls of enchant armour
 g - a scroll of fear
 i - 4 scrolls of identify
 k - 2 scrolls of summoning
 l - a scroll of amnesia
 r - a scroll of blinking {unknown}
 s - a scroll of magic mapping {unknown}
 t - a scroll of teleportation
 v - a scroll of noise {unknown}
 A - 2 scrolls of vulnerability {unknown}
 H - a scroll of immolation {unknown}
Potions
 d - 4 potions of cancellation
 e - 2 potions of invisibility
 f - 2 potions of attraction
 h - 2 potions of haste
 m - a potion of magic {unknown}
 n - 2 potions of resistance
 u - 3 potions of curing {unknown}
 w - a potion of heal wounds {unknown}
 x - a potion of brilliance {unknown}
 z - a potion of might {unknown}
 F - a potion of degeneration {unknown}


   Skills:
 + Level 5.1 Fighting
 - Level 4.0 Dodging
 - Level 2.0 Stealth
 - Level 5.0 Spellcasting
 - Level 11.0 Conjurations
 - Level 5.0 Hexes
 - Level 4.0 Translocations


You had 8 spell levels left.
You knew the following spells:

 Your Spells              Type           Power      Damage    Failure   Level
a - Magic Dart            Conj           100%       1d8       1%          1
b - Searing Ray           Conj           100%       2d8       1%          2
c - Fulminant Prism       Conj/Hex       21%        3d13      3%          4
x - Iskenderun's Mystic   Conj/Tloc      40%        2d9       4%          4

Your spell library contained the following spells:

 Spells                   Type           Power      Damage    Failure   Level
 Dazzling Flash           Conj/Hex       84%        N/A       1%          3
 Ensorcelled Hibernation  Hex/Ice        34%        N/A       4%          2
 Spider Form              Tmut/Pois      2%         N/A       28%         3


Dungeon Overview and Level Annotations

Branches:
Dungeon (9/15)             Temple (1/1) D:6            Lair (0/6) D:9
  Sewer (visited)
    Orc: D:9-12

Altars:
Ashenzari
Cheibriados
Dithmenos
Elyvilon
Fedhas
Gozag
Hepliaklqana
Kikubaaqudgha
Makhleb
Nemelex Xobeh
Okawaru
Qazlal
Sif Muna
Trog
Uskayaw
Vehumet
Wu Jian
Xom
Yredelemnul
Zin
The Shining One

Shops:
D:7 *

Annotations:
D:6 2 transporters


Message History

M - a wand of flame (22) Health restored: 66
Found a staircase to the Lair.
A bullfrog comes into view.
A bullfrog is nearby!
You can't see any susceptible monsters within range! (Use Z to cast anyway.) Unknown command.
The magic dart hits the bullfrog!
You now have 16/17 mp.
Aim: a bullfrog (moderately wounded, ally target, 79% to hit)
The searing ray misses the bullfrog. (Press . to maintain the ray.)
You now have 14/17 mp.
Titus avoids your attack.
The searing ray hits the bullfrog!
The bullfrog barely misses Titus.
Titus avoids your attack.
The searing ray hits the bullfrog!
You kill the bullfrog!
You now have 13/17 mp.
Titus avoids your attack.
You finish channelling your searing ray.
A wolf comes into view.
The magic dart hits the wolf but does no damage.
Titus avoids your attack.
The magic dart hits the wolf.
You now have 12/17 mp.
Titus avoids your attack.
The magic dart hits the wolf!
The wolf bites Titus but does no damage.
Titus blocks the wolf's attack.
Titus hits the wolf with a +0 flail.
Aim: a wolf (severely wounded, ally target, 72% to hit)
Titus avoids your attack.
The searing ray hits the wolf! (Press . to maintain the ray.)
The wolf bites Titus but does no damage.
Titus hits the wolf with a +0 flail!
The wolf dies!
Training target 5.0 for Spellcasting reached!
Your Spellcasting skill increases to level 5!
You need to enable at least one skill for training.
You now have 10/17 mp.
Saving game... please wait.
Welcome back, fiend the Human Conjurer.
Hepliaklqana says: Your past becomes your present!

###...#...........
......#...........###
.####.............#.>
.####....<........'. .
....##............####..
........................
...............P.....P.P
........................
#...............@.......
...).#....###...........
.....#.#..# ####..#.....
.....#.#.## ..R.#....
.......... #........
.......#.. ....†....
.........# #........
...... .. #....... ..>..
##.....


You could see the friendly Titus the knight.

Vanquished Creatures
  A komodo dragon (D:9)
  A troll (D:9)
  Grinder (D:3)
  Sigmund (D:2)
  Edmund (D:4)
  2 ice beasts (D:6)
  An orc warrior (D:9)
  A black bear (D:6)
  A sky beast (D:6)
  An ogre (D:5)
  3 centaurs (D:7)
  A phantom (D:7)
  Blork the orc (D:5)
  4 kobold brigands
  3 bullfrogs
  2 scorpions
  2 killer bees (D:8)
  8 wights
  A centaur zombie (D:9)
  A bullfrog zombie (D:5)
  3 hounds
  An orc priest (D:5)
  A centaur skeleton (D:6)
  Ijyb (D:5)
  4 iguanas
  An orc wizard (D:3)
  A killer bee zombie (D:7)
  Robin (D:2)
  A howler monkey skeleton (D:4)
  8 gnolls
  15 adders
  3 river rats
  2 shadow imps
  A white imp (D:5)
  A worm (D:3)
  3 dart slugs
  14 orcs
  16 ball pythons
  5 bats
  6 endoplasms
  5 giant cockroaches
  17 goblins
  6 hobgoblins
  6 jackals
  22 kobolds
  6 quokkas
  11 frilled lizards
  9 rats
207 creatures vanquished.

Vanquished Creatures (collateral kills)
  A steam dragon (D:8)
  A wolf (D:9)
  A bullfrog (D:9)
  A scorpion (D:9)
  A wyvern skeleton (D:7)
  2 killer bees (D:8)
  An orc wizard (D:9)
  A howler monkey skeleton (D:7)
9 creatures vanquished.

Vanquished Creatures (others)
  A knight (D:9)
  An ancestor (D:7)
  6 fulminant prisms
  19 fungi (D:9)
  24 plants
51 creatures vanquished.

Grand Total: 267 creatures vanquished

Notes
Turn   | Place    | Note
-------+----------+-------------------------------------------
     0 | D:1      | fiend the Human Conjurer began the quest for the Orb.
     0 | D:1      | Reached XP level 1. HP: 13/13 MP: 3/3
   160 | D:1      | Reached XP level 2. HP: 19/19 MP: 3/5
   163 | D:1      | Learned a level 2 spell: Searing Ray
   224 | D:1      | Found a faded altar of an unknown god.
   404 | D:1      | Reached XP level 3. HP: 20/24 MP: 3/6
   516 | D:1      | Reached skill level 5 in Conjurations
  1230 | D:2      | Reached XP level 4. HP: 30/30 MP: 4/7
  1438 | D:2      | Noticed Robin
  1450 | D:2      | Killed Robin
  1661 | D:2      | Noticed Sigmund
  1915 | D:2      | Reached XP level 5. HP: 35/35 MP: 5/8
  2162 | D:2      | Reached skill level 6 in Conjurations
  2749 | D:3      | Found a basalt altar of Yredelemnul.
  2765 | D:3      | Found a blossoming altar of Fedhas.
  2786 | D:3      | Reached XP level 6. HP: 41/41 MP: 6/9
  2949 | D:3      | Noticed Grinder
  2977 | D:2      | Killed Sigmund
  2978 | D:2      | Reached skill level 7 in Conjurations
  3041 | D:3      | Paralysed by Grinder for 7 turns
  3051 | D:3      | Killed Grinder
  3052 | D:3      | Reached skill level 8 in Conjurations
  3052 | D:3      | Reached XP level 7. HP: 46/46 MP: 1/10
  3556 | D:4      | Noticed Edmund
  3631 | D:4      | Found a sparkling altar of Nemelex Xobeh.
  3655 | D:4      | Found a glowing golden altar of the Shining One.
  3713 | D:4      | Killed Edmund
  3714 | D:4      | Reached skill level 9 in Conjurations
  3714 | D:4      | Reached XP level 8. HP: 23/52 MP: 0/12
  3890 | D:4      | Learned a level 4 spell: Fulminant Prism
  3895 | D:4      | Learned a level 4 spell: Iskenderun's Mystic Blast
  4200 | D:4      | Found a shadowy altar of Dithmenos.
  4493 | D:5      | Entered Level 5 of the Dungeon
  4497 | D:5      | Reached skill level 1 in Hexes
  4497 | D:5      | Reached skill level 1 in Translocations
  4586 | D:5      | Noticed Blork the orc
  4592 | D:5      | Killed Blork the orc
  4826 | D:5      | Noticed Ijyb
  4836 | D:5      | Killed Ijyb
  5793 | D:6      | Found a transporter.
  5877 | D:6      | Found a staircase to the Ecumenical Temple.
  5896 | Temple   | Entered the Ecumenical Temple
  5933 | Temple   | Became a worshipper of Hepliaklqana the Forgotten
  5990 | D:6      | Found a transporter.
  6019 | D:6      | Reached XP level 9. HP: 45/57 MP: 6/15
  6040 | D:6      | Reached skill level 1 in Fighting
  6435 | D:6      | Found a glowing drain.
  6441 | Sewer    | Entered a sewer
  6854 | D:6      | Found an iron altar of Okawaru.
  7028 | D:6      | Found a burning altar of Makhleb.
  7286 | D:6      | Reached * piety under Hepliaklqana
  7479 | D:7      | Reached skill level 10 in Conjurations
  7615 | D:7      | Reached skill level 5 in Hexes
  7640 | D:7      | Found Posisier's Elemental Accessories.
  7825 | D:7      | Reached skill level 5 in Fighting
  7825 | D:7      | Reached XP level 10. HP: 28/66 MP: 11/16
  8400 | D:8      | Reached ** piety under Hepliaklqana
  8401 | D:8      | Remembered your ancestor Titus as a knight
  8981 | D:9      | Noticed a komodo dragon
  8989 | D:9      | Killed a komodo dragon
  9025 | D:9      | Reached skill level 11 in Conjurations
  9162 | D:9      | Found a staircase to the Lair.
  9176 | D:9      | Reached skill level 5 in Spellcasting
  9176 | D:9      | Saving game... please wait.
  9177 | D:9      | Quit the game

Illustrated notes

Levels and vault maps discovered:
D:1:      kilobyte_arrival_exit_the_forest, layout_basic, serial_curves,
          eino_curves_03, eino_curves_04, ebering_ecumenical_altar_petrified,
          hangedman_abyss_or_decor_stabs, hangedman_decor_push, minivault_25,
          minmay_pentomino_x4
D:2:      layout_loops_corners, st_stairs_1, uniq_robin, uniq_sigmund
D:3:      layout_loops_ring, mainiacjoe_overflow_swirl, serial_bayou_lagoon_a,
          serial_bayou_pond_d, uniq_grinder
D:4:      layout_loops_ring, mainiacjoe_overflow_boulevard, old_standard_altar,
          nemelex_diamond_rough_becter, hangedman_decor_slide_cut,
          chequers_arboretum, eino_small_chamber_without_monster,
          minmay_snake_closets, uniq_edmund
D:5:      layout_layer_cave, uniq_blork_the_orc, uniq_ijyb
D:6:      gammafunk_steamed_eel, layout_basic, kennysheep_little_box,
          makhleb_heckhound_becter, minmay_temple_entry_drinking_statues,
          gup_sewer_entry_bubbles
D:7:      layout_rooms, nicolae_zen_rock_garden, nicolae_elemental_shop
D:8:      layout_basic
D:9:      layout_cave_pools, nicolae_ru_path_of_blood,
          grunt_lair_entry_orc_guard_hut, serial_shops, nicolae_take_the_stairs,
          uniq_grum
Temple:   eino_temple_lava

Skill      XL: |  1  2  3  4  5  6  7  8  9 10 |
---------------+-------------------------------+-----
Conjurations   | 5 6 8 9 10 11 | 11.0
Spellcasting   | 3 4 5 |  5.0
Hexes          | 4 5 |  5.0
Translocations | 3 4 |  4.0
Fighting       | 5 |  5.1
Dodging        | 4 |  4.0
Stealth        | |  2.0

Action                   |  1- 3 |  4- 6 |  7- 9 | 10-12 || total
-------------------------+-------+-------+-------+-------++-------
Melee: Dagger            |       |       |     4 |       ||     4
 Cast: Magic Dart        |    51 |    68 |    82 |    24 ||   225
       Searing Ray       |     2 |    13 |    71 |    15 ||   101
       Iskenderun's Myst |       |       |     5 |     1 ||     6
       Fulminant Prism   |       |       |     2 |     4 ||     6
Invok: Ancestor Life: Kn |       |       |       |     1 ||     1
  Use: Scroll            |     1 |       |     9 |       ||    10
Armor: Robe              |     1 |     1 |    27 |       ||    29
       Skin              |       |     1 |       |       ||     1
       Steam dragon scal |       |       |       |     1 ||     1
Dodge: Dodged            |     2 |     3 |    44 |     5 ||    54

Table legend: (Time is in decaauts)
 A = Elapsed time spent in this place.
 B = Non-inter-level travel time spent in this place.
 C = Inter-level travel time spent in this place.
 D = Time resting spent in this place.
 E = Time spent auto-exploring this place.
 F = Levels seen in this place.
 G = Mean time per level.
                   A        B        C        D        E       F      G
               +--------+--------+--------+--------+--------+-----+--------+
         Total |   9274 |   8901 |    373 |    503 |   6929 |  11 |  843.1 |
       Dungeon |   8814 |   8454 |    360 |    503 |   6591 |   9 |  979.3 |
        Temple |     46 |     33 |     13 |      0 |     21 |   1 |   46.0 |
         Sewer |    413 |    413 |      0 |      0 |    317 |   1 |  413.0 |
               +--------+--------+--------+--------+--------+-----+--------+

Top non-repeatable levels by time:
     D:5: 1299 daAuts
     D:6: 1298 daAuts
     D:2: 1206 daAuts
     D:1: 1182 daAuts
     D:4: 1099 daAuts
     D:3: 1024 daAuts
     D:7: 831 daAuts
     D:8: 569 daAuts
   Sewer: 413 daAuts
     D:9: 302 daAuts
  Temple: 46 daAuts
